 Dungeon Sprint DCSS version 0.30.1-9-gdf580d7c3d (webtiles) character file.

Game seed: 5555541058595969088

104 Groucho the Cudgeller (level 4, -6/30 HPs)
             Began as a Gargoyle Gladiator on Oct 9, 2023.
             Mangled by an ogre
             ... wielding a +0 giant club
              (27 damage)
             ... in the Dungeon (Sprint IX: "|||||||||||||||||||||||||||||").
             The game lasted 00:00:44 (227 turns).

Groucho the Cudgeller (Gargoyle Gladiator)           Turns: 227, Time: 00:00:45

Health: -6/30      AC:  8    Str: 18    XL:     4   Next: 80%
Magic:  2/6        EV: 13    Int:  8    God:
Gold:   0          SH:  0    Dex: 13    Spells: 3/3 levels left

rFire   . . .        a - +0 flail
rCold   . . .        (no shield)
rNeg    + . .        b - +0 leather armour
rPois   ∞            c - +0 helmet
rElec   +            (no cloak)
rCorr   .            (no gloves)
SInv    .            (no boots)
Will    .....        (no amulet)
Stlth   +            (no ring)
HPRegen 0.25/turn    (no ring)
MPRegen 0.10/turn

%: no teleportation
@: no status effects
A: sickness immunity, AC +3, negative energy resistance 1, electricity
resistance, torment resistance 1, petrification resistance
a: no special abilities


You were in the Dungeon.
You visited 1 branch

Inventory:

Hand Weapons
 a - a +0 flail (weapon)
Missiles
 d - 3 throwing nets (quivered)
 e - a javelin
Armour
 b - a +0 leather armour (worn)
 c - a +0 helmet (worn)
Scrolls
 k - a scroll of blinking
Potions
 g - a potion of heal wounds
 h - a potion of haste
 i - 2 potions of magic
 j - a potion of berserk rage


   Skills:
 + Level 4.5 Fighting
 + Level 4.6 Maces & Flails
 - Level 1.7 Throwing
 + Level 3.7 Armour
 + Level 3.9 Dodging
 + Level 3.8 Shields
 + Level 3.6 Invocations


You had 3 spell levels left.
You didn't know any spells.
Your spell library was empty.

Dungeon Overview and Level Annotations

Branches:
Dungeon (1/1)

Altars:


Innate Abilities, Weirdness & Mutations

You are immune to sickness and miasma.
Your stone body is resilient. (AC +3)
You are immune to poison.
You resist negative energy. (rN+)
You are resistant to electric shocks. (rElec)
You are resistant to unholy torment.
You are immune to petrification.


Message History

You have reached level 4!
You feel stronger.
You miss the hound. The hound bites you but does no damage.
You hit the hound.
The hound is lightly wounded.
The hound bites you but does no damage. x2
You barely miss the hound.
The hound is lightly wounded.
The hound closely misses you. x2
You closely miss the hound.
The hound is lightly wounded.
The hound closely misses you. The hound bites you but does no damage.
You closely miss the hound.
The hound is lightly wounded.
The hound completely misses you.
You hit the hound.
The hound is moderately wounded.
The hound bites you. The hound bites you but does no damage.
You sock the hound!
The hound is almost dead.
The hound bites you but does no damage. x2
You hit the hound.
You kill the hound!
The ogre closely misses you.
You thump the ogre!
The ogre is moderately wounded.
You sock the ogre!
The ogre is heavily wounded.
The ogre misses you.
You hit the ogre.
The ogre is heavily wounded.
The ogre hits you with a +0 giant club!
You feel better. The ogre barely misses you.
You thump the ogre!
The ogre is severely wounded.
You barely miss the ogre.
The ogre is severely wounded.
The ogre hits you with a +0 giant club!!
Ouch! That really hurt!
You die... ▓▓▓▓▓▓▓▓▓▓▓▓▓▓▓▓▓▓ ▓<...')....@Oh...+ ▓▓▓▓▓▓▓▓▓▓▓▓▓▓▓▓▓▓

You could see an ogre and a hound.

Vanquished Creatures
  A scorpion (D)
  A hound (D)
  An adder (D)
  2 kobolds (D)
  2 ball pythons (D)
  A rat (D)
8 creatures vanquished.

Notes
Turn   | Place    | Note
-------+----------+-------------------------------------------
     0 | D        | Groucho the Gargoyle Gladiator began the quest for the Orb.
     0 | D        | Reached XP level 1. HP: 12/12 MP: 1/1
    13 | D        | Reached skill level 1 in Shields
    18 | D        | Reached skill level 1 in Invocations
    21 | D        | Reached skill level 1 in Armour
   205 | D        | Noticed a scorpion
   205 | D        | Noticed a hound
   205 | D        | Noticed an ogre
   205 | D        | Noticed a hound
   211 | D        | Reached XP level 2. HP: 18/19 MP: 1/3
   213 | D        | Killed a scorpion
   214 | D        | Reached XP level 3. HP: 19/24 MP: 1/5
   214 | D        | Reached XP level 4. HP: 23/29 MP: 1/6
   227 | D        | Mangled by an ogre

Illustrated notes

Levels and vault maps discovered:
D:        linesprint [early_d, line_temple, items_1, d_10, items_2, lair_1,
          lair_end, items_3, orc_1, orc_end, items_4, d_15, swamp_1, shoals_1,
          snake_1, spider_1, d_20, vaults_1, items_5, swamp_end, shoals_end,
          snake_end, spider_end, vaults_end, d_27, items_6, zot_1, zot_end,
          crypt_end, forest_end, elf_end, slime_end, tomb_end, abyss_end,
          pan_hell_end]

Skill      XL: |  1  2 |
---------------+-------+-----
Shields        | 1 3 |  3.8
Invocations    | 1 3 |  3.6
Armour         | 1 3 |  3.7
Fighting       | 3 4 |  4.5
Maces & Flails | 4 |  4.6
Dodging        | 3 |  3.9
Throwing       | |  1.7

Action                     |  1- 3 |  4- 6 || total
---------------------------+-------+-------++-------
  Melee: Flail             |    23 |    13 ||    36
    Use: Potion            |       |     1 ||     1
 Armour: Leather armour    |    10 |     7 ||    17
  Dodge: Dodged            |    16 |     7 ||    23
